Map: King Sejong Station LE

Players

timofey

  • Race: Protoss Protoss
  • League: Bronze

Gracz - Winner!

  • Race: Terran Terran
  • League: Silver

VOD

Have the link to the VOD?

Description

Time

  • Played on: Oct. 8, 2016, 2:16 p.m.
  • Length: 13:53
Show
View Real Time Build Order
Export as new Build Order

timofey Protoss 

Build Orders:  

Get SALT Encoding   

  12  0:23  Pylon  
  12  0:29  Assimilator  
  12  0:43  Gateway  
  12  0:45  Gateway  
  12  0:58  Probe (Chrono Boost)  
  13  1:09  Probe (Chrono Boost)  
  14  1:35  Cybernetics Core  
  14  1:39  Forge  
  14  1:47  Probe (Chrono Boost)  
  15  1:58  Probe (Chrono Boost)  
  15  2:00  Warp Gate  
  16  2:09  Probe (Chrono Boost)  
  16  2:14  Pylon  
  16  2:21  Probe (Chrono Boost)  
  17  2:35  Photon Cannon  
  17  2:40  Photon Cannon  
  17  2:49  Zealot  
  17  2:50  Mothership Core (Chrono Boost)  
  21  2:56  Zealot  
  23  3:16  Stalker  
  25  3:23  Stalker  
  27  3:30  Pylon  
  27  3:33  Pylon  
  27  3:44  Probe (Chrono Boost)  
  29  3:57  Probe (Chrono Boost)  
  29  4:09  Probe (Chrono Boost)  
  30  4:22  Assimilator  
  30  4:32  Robotics Facility  
  30  4:37  Twilight Council  
  28  5:08  Adept x2  
  28  5:11  Charge  
  30  5:39  Gateway  
  30  5:40  Gateway  
  30  5:44  Gateway  
  30  5:45  Gateway  
  30  5:47  Gateway  
  30  5:50  Gateway  
  30  5:56  Zealot x2  
  29  6:25  Observer  
  29  6:32  Probe (Chrono Boost)  
  30  6:40  Blink  
  30  6:44  Probe (Chrono Boost)  
  35  6:47  Immortal  
  35  7:08  Nexus  
  35  7:11  Pylon  
  35  7:57  Zealot x2  
  35  7:58  Zealot x3  
  41  7:59  Zealot x2  
  35  9:10  Stalker x3  
  35  9:11  Stalker x3  
  47  9:52  Probe (Chrono Boost)  
  48  9:58  Protoss Air Weapons Level 1  
  48  10:02  Probe (Chrono Boost)  
  49  10:13  Probe (Chrono Boost)  
  50  10:23  Probe (Chrono Boost)  
  50  10:24  Stargate  
  50  10:25  Stargate  
  50  10:26  Stargate  
  51  10:28  Stargate  
  51  10:34  Probe (Chrono Boost)  
  52  10:44  Probe (Chrono Boost)  
  53  10:55  Probe (Chrono Boost)  
  54  11:04  Protoss Ground Weapons Level 1  
  54  11:05  Probe (Chrono Boost)  
  55  11:13  Probe (Chrono Boost)  
  55  11:16  Probe (Chrono Boost)  
  57  11:25  Probe (Chrono Boost)  
  54  11:26  Probe (Chrono Boost)  
  53  11:37  Probe x2 (Chrono Boost)  
  55  11:47  Probe (Chrono Boost), Protoss Air Armor Level 1  
  55  11:49  Probe (Chrono Boost)  
  58  12:01  Probe (Chrono Boost)  
  58  12:11  Nexus  
  58  12:19  Assimilator  
  50  12:26  Stalker x2  
  50  12:27  Stalker x2  
  57  13:07  Probe (Chrono Boost)  
  46  13:18  Probe (Chrono Boost)  
  46  13:19  Zealot  
  27  13:28  Probe (Chrono Boost)  
  27  13:33  Zealot  
  30  13:39  Probe (Chrono Boost)  
  31  13:43  Zealot  
Show
View Real Time Build Order
Export as new Build Order

Gracz Terran - Winner!

Build Orders: MMM Bio 

Get SALT Encoding   

  12  0:02  SCV  
  13  0:18  Supply Depot, SCV  
  14  0:30  SCV  
  15  0:46  Barracks  
  15  0:52  Supply Depot  
  15  0:55  Barracks  
  15  1:00  SCV  
  16  1:20  Refinery, SCV  
  16  1:21  Refinery  
  17  1:33  SCV  
  17  1:39  Barracks  
  18  1:45  SCV  
  19  2:13  Barracks Tech Lab  
  19  2:14  Barracks Tech Lab  
  19  2:19  Orbital Command  
  19  2:26  Barracks Reactor  
  19  2:36  Marauder x2  
  23  2:45  SCV  
  24  2:57  Marauder  
  24  2:58  Marauder  
  28  3:03  Marine x2  
  30  3:10  SCV  
  31  3:31  Supply Depot  
  31  3:37  Combat Shields, Stimpack  
  31  3:52  Marine x2, SCV  
  31  3:53  Marauder x2  
  34  4:10  Marine x2  
  34  4:14  Marauder x2  
  40  4:28  Marine x2  
  42  4:36  Command Center  
  42  4:46  Marine x2  
  36  5:40  Factory  
  36  5:42  Factory  
  24  6:21  Orbital Command  
  24  6:24  SCV  
  24  6:25  Marine  
  26  6:26  Marine  
  26  6:30  Marauder  
  26  6:32  Marine  
  30  6:36  SCV  
  30  6:39  Starport  
  31  6:42  Starport  
  31  6:43  Marine x2  
  33  6:48  SCV  
  33  6:50  Marauder  
  33  6:52  Marauder  
  38  7:00  Factory Tech Lab, SCV  
  38  7:01  Factory Tech Lab  
  39  7:02  Liberator  
  39  7:11  SCV  
  39  7:12  SCV, Marauder  
  39  7:13  Marauder  
  45  7:20  Medivac  
  50  7:23  SCV  
  50  7:24  SCV  
  50  7:25  Refinery  
  50  7:26  Refinery  
  52  7:33  Marine x2, Marauder  
  52  7:35  SCV, Marauder  
  52  7:36  SCV  
  60  7:51  Marine x2  
  62  8:00  Siege Tank, Marauder x2  
  69  8:09  Marine  
  70  8:17  Marine  
  69  8:21  Marine  
  52  8:52  Marine x4  
  56  9:09  Starport Reactor, Starport Tech Lab  
  56  9:10  Marine x4  
  56  9:12  Siege Tank x2  
  66  9:27  Marine  
  66  9:29  Marauder  
  66  9:30  Marine  
  70  9:33  Supply Depot  
  70  9:35  Marauder  
  72  9:44  Siege Tank  
  72  9:45  Marine  
  75  9:46  Liberator x2  
  75  9:47  Marine  
  77  9:55  Marauder  
  77  9:56  Marauder  
  77  9:59  Supply Depot  
  78  10:03  Marine  
  78  10:04  Medivac  
  78  10:05  Marine  
  88  10:16  Marauder  
  88  10:17  Marauder  
  92  10:37  Marauder  
  94  10:46  Medivac x2  
  98  10:53  Banshee  
  101  11:01  Supply Depot  
  101  11:16  Medivac  
  100  12:05  Command Center  
  100  12:28  Marine x4  
  101  12:45  Marine  
  101  12:46  Marine x3  
Tags
 
Add a new tag
Caveats
  • Supply blocks, unpowered buildings, or Contaminate may cause inaccurate times.
  • Supply counts are checked every 10 seconds.